 Dungeon Crawl Stone Soup version 0.29-a0-330-g52719c12eb (webtiles) character file.

Game seed: 16130791388112434065

147 Argons the Ruffian (level 5, -1/41 HPs)
             Began as a Ghoul Fire Elementalist on May 1, 2022.
             Slain by an orc
             ... wielding a +0 hand axe
              (5 damage)
             ... on level 3 of the Dungeon.
             The game lasted 00:11:20 (3183 turns).

Argons the Ruffian (Ghoul Fire Elementalist)        Turns: 3183, Time: 00:11:20

Health: -1/41      AC:  3    Str: 14    XL:     5   Next: 29%
Magic:  1/6        EV: 12    Int: 10    God:
Gold:   119        SH:  0    Dex:  9    Spells: 4/7 levels left

rFire   . . .      SeeInvis .     - Unarmed
rCold   + . .      Faith    .   (no shield)
rNeg    + + +      Spirit   .   a - +0 robe
rPois   ∞          Reflect  .   (no helmet)
rElec   .          Harm     .   (no cloak)
rCorr   .          Rampage  .   (no gloves)
Will    +....                   p - +0 pair of boots
Stlth   ++........              (no amulet)
HPRegen 0.00/turn               n - ring of willpower
MPRegen 0.10/turn               (no ring)

@: very slightly contaminated, inhibited regen
A: claws 1, cold resistance 1, negative energy resistance 3, inhibited
regeneration, torment resistance 2, devour on kill
a: no special abilities


You were on level 3 of the Dungeon.
You visited 1 branch of the dungeon, and saw 3 of its levels.

You collected 119 gold pieces.

Inventory:

Armour
 a - a +0 robe (worn)
 p - a +0 pair of boots (worn)
Jewellery
 n - a ring of willpower (left claw)
Scrolls
 d - a scroll of torment {unknown}
 e - a scroll of teleportation {unknown}
 f - a scroll of vulnerability {unknown}
 l - a scroll of noise {unknown}
 m - a scroll of blinking {unknown}
Potions
 b - a potion of magic
 g - a potion of heal wounds {unknown}
 h - a potion of curing
 j - 2 potions of flight {unknown}
 k - a potion of lignification {unknown}
 o - a potion of attraction {unknown}


   Skills:
 - Level 2.0 Fighting
 - Level 1.7 Dodging
 - Level 2.1 Stealth
 + Level 4.7 Unarmed Combat
 - Level 1.7 Spellcasting
 - Level 0.7 Conjurations
 - Level 2.4 Fire Magic


You had 4 spell levels left.
You knew the following spells:

 Your Spells              Type           Power      Damage    Failure   Level
a - Foxfire               Conj/Fire      16%        2x1d4     17%         1
b - Scorch                Fire           10%        2d5       19%         2

Your spell library contained the following spells:

 Spells                   Type           Power      Damage    Failure   Level
 Conjure Flame            Conj/Fire      4%         6-21      45%         3
 Inner Flame              Hex/Fire       3%         N/A       52%         3
 Flame Wave               Conj/Fire      4%         2d5       86%         4


Dungeon Overview and Level Annotations

Branches:
Dungeon (3/15)

Altars:


Innate Abilities, Weirdness & Mutations

You are immune to poison.
You have sharp fingernails.
Your flesh is cold resistant. (rC+)
You are immune to negative energy. (rN+++)
You do not regenerate when monsters are visible.
You are immune to unholy pain and torment.
You thrive by killing the living.


Message History

You miss something. Something hits you.
You closely miss something. Something hits you but does no damage.
You scratch something but do no damage.
You hear some strange, mumbled words.
A puff of flame appears from out of thin air!
The puff of flame hits you!
You claw something! Something hits you but does no damage.
You barely miss something.
You hear some strange, mumbled words.
Something tries to affect you, but you resist.
You closely miss something. Something hits you.
You barely miss something. Something hits you but does no damage.
You closely miss something. You closely miss something.
You hear some strange, mumbled words.
A magic dart appears from out of thin air!
The magic dart hits you!
* * * LOW HITPOINT WARNING * * *
You feel better. Something hits you.
* * * LOW HITPOINT WARNING * * *
You claw something!
Reactivating autopickup.
You feel a bit more experienced.
Casting: Scorch (safe; 19% risk of failure)
Confirm with . or Enter, or press ? or * to list all spells.
You miscast Scorch.
You are very lightly contaminated with residual magic.
Nothing appears to happen.
The orc hits you with a +0 hand axe.
* * * LOW HITPOINT WARNING * * *
You scratch the orc but do no damage.
The orc is heavily wounded.
The orc hits you with a +0 hand axe.
* * * LOW HITPOINT WARNING * * *
You scratch the orc.
The orc is severely wounded.
The orc hits you but does no damage.
You closely miss the orc.
The orc is severely wounded.
The orc hits you with a +0 hand axe.
You die...

#..............
#.#<..########+
#.....#...†....
###...#........
#........######
#........#
#.)......#
#.##..#..#
#.o@..#..+
#####..#..#
#......#..#
#......#..#
#......#
#...>..#
#......#
........#
#.........


You could see an orc.

Vanquished Creatures
  An orc priest (D:3)
  2 orc wizards (D:3)
  2 adders (D:2)
  A dart slug (D:1)
  2 ball pythons
  7 endoplasms
  2 giant cockroaches
  5 goblins (D:1)
  5 hobgoblins
  3 jackals (D:1)
  A quokka (D:1)
  5 bats (D:1)
  A frilled lizard (D:2)
  7 kobolds
  5 rats
49 creatures vanquished.

Vanquished Creatures (others)
  13 foxfires (D:1)
13 creatures vanquished.

Grand Total: 62 creatures vanquished

Notes
Turn   | Place    | Note
-------+----------+-------------------------------------------
     0 | D:1      | Argons the Ghoul Fire Elementalist began the quest for the
                  | Orb.
     0 | D:1      | Reached XP level 1. HP: 14/14 MP: 2/2
   281 | D:1      | Reached skill level 1 in Fighting
   281 | D:1      | Reached skill level 1 in Unarmed Combat
   281 | D:1      | Reached XP level 2. HP: 6/23 MP: 1/3
   491 | D:1      | Learned a level 2 spell: Scorch
  1157 | D:1      | Reached XP level 3. HP: 29/29 MP: 1/4
  1464 | D:1      | Reached skill level 2 in Unarmed Combat
  2315 | D:2      | Reached skill level 3 in Unarmed Combat
  2616 | D:2      | Reached XP level 4. HP: 36/36 MP: 0/5
  3155 | D:3      | Reached skill level 4 in Unarmed Combat
  3155 | D:3      | Reached XP level 5. HP: 33/41 MP: 2/6
  3183 | D:3      | Slain by an orc

Illustrated notes

Levels and vault maps discovered:
D:1:      evilmike_arrival_rings, layout_basic, minmay_vboxes
D:2:      layout_loops_ring, kennysheep_generic_room_9
D:3:      minmay_goblin_kobold_castle, layout_basic,
          worldfamousw_hep_ancestral_shrine

Skill      XL: |  1  2  3  4 |
---------------+-------------+-----
Fighting       | 1 2 |  2.0
Unarmed Combat | 1 3 4 |  4.7
Dodging        | |  1.7
Stealth        | |  2.1
Spellcasting   | |  1.7
Conjurations   | |  0.7
Fire Magic     | |  2.4

Action                   |  1- 3 |  4- 6 || total
-------------------------+-------+-------++-------
Melee: Unarmed           |    63 |    36 ||    99
 Cast: Foxfire           |     8 |       ||     8
       Scorch            |    26 |     6 ||    32
  Use: Scroll            |       |     2 ||     2
       Potion            |       |     1 ||     1
 Stab: Sleeping          |     1 |       ||     1
Armor: Robe              |    16 |    10 ||    26
Dodge: Dodged            |    43 |     6 ||    49

Table legend: (Time is in decaauts)
 A = Elapsed time spent in this place.
 B = Non-inter-level travel time spent in this place.
 C = Inter-level travel time spent in this place.
 D = Time resting spent in this place.
 E = Time spent auto-exploring this place.
 F = Levels seen in this place.
 G = Mean time per level.
                   A        B        C        D        E       F      G
               +--------+--------+--------+--------+--------+-----+--------+
         Total |   3178 |   2843 |    335 |   1251 |      0 |   3 | 1059.3 |
       Dungeon |   3178 |   2843 |    335 |   1251 |      0 |   3 | 1059.3 |
               +--------+--------+--------+--------+--------+-----+--------+

Top non-repeatable levels by time:
     D:1: 2146 daAuts
     D:2: 919 daAuts
     D:3: 113 daAuts
